 Dungeon Crawl Stone Soup version 0.27.0-1-g7a089689b8 (webtiles) character file.

Game seed: 2975212879550524636

195 theswoord the Twirler (level 5, 0/38 HPs)
             Began as a Demonspawn Gladiator on Aug 5, 2021.
             Succumbed to an adder's poison
             ... on level 2 of the Dungeon.
             The game lasted 00:01:27 (1949 turns).

theswoord the Twirler (Demonspawn Gladiator)        Turns: 1949, Time: 00:01:28

Health: 0/38       AC:  4    Str: 16    XL:     5   Next: 45%
Magic:  5/5        EV: 12    Int:  9    God:
Gold:   59         SH:  4    Dex: 14    Spells: 4/4 levels left

rFire    . . .     SeeInvis .   a - +0 quarterstaff
rCold    . . .     Faith    .   (shield currently unavailable)
rNeg     . . .     Spirit   .   b - +0 leather armour
rPois    .         Reflect  .   c - +0 helmet
rElec    .         Harm     .   (no cloak)
rCorr    .         Rampage  .   (no gloves)
Will     .....                  (no boots)
Stlth    +.........             (no amulet)
HPRegen  0.12/turn              (no ring)
MPRegen  0.09/turn              (no ring)

@: lethally poisoned (0 -> -4)
A: condensation shield
a: no special abilities


You were on level 2 of the Dungeon.
You visited 1 branch of the dungeon, and saw 2 of its levels.

You collected 59 gold pieces.

Inventory:

Hand Weapons
 a - a +0 quarterstaff (weapon)
Missiles
 d - 2 throwing nets (quivered)
Armour
 b - a +0 leather armour (worn)
 c - a +0 helmet (worn)
Scrolls
 h - a scroll of magic mapping {unknown}
 j - a scroll of fear {unknown}
Potions
 e - 2 potions of flight


   Skills:
 - Level 2.0 Fighting
 + Level 5.7 Staves
 - Level 1.7 Throwing
 - Level 2.6 Dodging


You had 4 spell levels left.
You didn't know any spells.
Your spell library contained the following spells:

 Spells                   Type           Power      Damage    Failure   Level
 Apportation              Tloc           0%         N/A       45%         1


Dungeon Overview and Level Annotations

Branches:
Dungeon (2/15)

Altars:


Innate Abilities, Weirdness & Mutations

A meltable shield of frost defends you. (SH +4)


Message History

You miss the adder. You block the adder's attack.
You hit the adder.
The adder is lightly wounded.
The adder barely misses you.
You closely miss the adder.
The adder is lightly wounded.
The adder bites you but does no damage. The adder closely misses you.
You hit the adder but do no damage.
The adder is lightly wounded.
The adder bites you.
* * * LOW HITPOINT WARNING * * *
You sock the adder!
The adder is almost dead.
The adder bites you.
* * * LOW HITPOINT WARNING * * *
You are poisoned.
The adder poisons you!
You closely miss the adder.
The adder is almost dead.
You feel sick. The adder misses you. The adder bites you.
* * * LOW HITPOINT WARNING * * *
You are lethally poisoned!
The adder poisons you!
You closely miss the adder.
The adder is almost dead.
* * * LOW HITPOINT WARNING * * *
You feel sick. The adder barely misses you.
You miss the adder.
The adder is almost dead.
* * * LOW HITPOINT WARNING * * *
You feel sick. The adder barely misses you.
You barely miss the adder.
The adder is almost dead.
* * * LOW HITPOINT WARNING * * *
You feel sick. The adder bites you.
* * * LOW HITPOINT WARNING * * *
You block the adder's attack.
You miss the adder.
The adder is severely wounded.
You die...

<..##.##.#
..###.##.# ###
#....# .
###..## ..
#...## ^.
##...## .# #
#.#..##### .#
#
#.##)....##..#
#
#.###....@S..#
#
#.##..##.###.#
# #.##.###.#
.. #.#.. #)#
#. ....# #.#
.... ... #.##
###


You could see an adder.

Vanquished Creatures
  Sigmund (D:2)
  A worm (D:2)
  5 endoplasms (D:1)
  2 goblins (D:2)
  6 hobgoblins (D:1)
  2 kobolds (D:1)
  3 quokkas
  4 ball pythons
  4 bats
  2 frilled lizards (D:1)
  4 rats
34 creatures vanquished.

Notes
Turn   | Place    | Note
-------+----------+-------------------------------------------
     0 | D:1      | theswoord the Demonspawn Gladiator began the quest for the
                  | Orb.
     0 | D:1      | Reached XP level 1. HP: 16/16 MP: 1/1
   239 | D:1      | Reached skill level 3 in Staves
   270 | D:1      | Gained mutation: A meltable shield of frost defends you.
                  | (SH +4) [demonic ancestry]
   270 | D:1      | Reached XP level 2. HP: 6/22 MP: 2/2
  1204 | D:1      | Found a faded altar of an unknown god.
  1293 | D:1      | Got Plato's Disquisition on Translocation
  1505 | D:1      | Reached XP level 3. HP: 26/27 MP: 3/3
  1744 | D:2      | Reached skill level 4 in Staves
  1785 | D:2      | Noticed Sigmund
  1802 | D:2      | Killed Sigmund
  1803 | D:2      | Reached skill level 5 in Staves
  1803 | D:2      | Reached XP level 4. HP: 5/33 MP: 4/4
  1803 | D:2      | Reached XP level 5. HP: 6/38 MP: 5/5
  1948 | D:2      | HP: 1/38 [adder (2)]
  1949 | D:2      | Succumbed to an adder's poison

Skill      XL: |  1  2  3 |
---------------+----------+-----
Staves         | 3 5 |  5.7
Fighting       | |  2.0
Throwing       | |  1.7
Dodging        | |  2.6

Action                   |  1- 3 |  4- 6 || total
-------------------------+-------+-------++-------
Melee: Quarterstaff      |    89 |    20 ||   109
Throw: Throwing net      |     2 |       ||     2
  Use: Potion            |     3 |       ||     3
       Scroll            |     1 |       ||     1
Armor: Leather armour    |    11 |     3 ||    14
Dodge: Dodged            |    49 |     7 ||    56
Block: Other             |     5 |     2 ||     7

Levels and vault maps discovered:
D:1:      grunt_arrival_lava_bath, layout_basic,
          shapermc_ecumenical_altar_rom_forum
D:2:      layout_rooms, uniq_sigmund
